NYP
BATAVIA MUCKDOGS @ HILLSBORO HOPS
06/29/2048
 
TOP OF THE 1ST
Batavia Muckdogs batting - Pitching for Hillsboro Hops : RHP Jordan Rondon
Pitching: RHP Jordan Rondon
Batting: SHB Justin Corbett 0-0: Ball
1-0: Foul Ball, location: 2F
1-1: Fly out, F9 (Flyball, 89M, EV 91.2 MPH)
Batting: LHB Danny Treto 0-0: Ball
1-0: Swinging Strike
1-1: Ball
2-1: Ball
3-1: Base on Balls
Batting: RHB Reomel Somera 0-0: Foul Ball, location: 2F
0-1: Ball
1-1: Called Strike
1-2: Strikes out swinging
Batting: RHB Justin Dunham 0-0: Ball
1-0: Foul Ball, location: 2F
1-1: Foul Ball, location: 2F
1-2: Strikes out swinging
Top of the 1st over - 0 runs, 0 hits, 0 errors, 1 left on base; Batavia 0 - Hillsboro 0
BOTTOM OF THE 1ST
Hillsboro Hops batting - Pitching for Batavia Muckdogs : RHP Carlos Guerrero
Pitching: RHP Carlos Guerrero
Batting: RHB Jonathan Underhill 0-0: Ball
1-0: Fly out, F8 (Flyball, 8LM, EV 96.2 MPH)
Batting: RHB Daniel Rivera 0-0: SINGLE (Groundball, 4MS, EV 71.9 MPH) (infield hit)
Batting: RHB Terry Jarrells 0-0: Foul Ball, location: 2F
0-1: Called Strike
Daniel Rivera is caught stealing 2nd base 2-4
0-2: Ball
1-2: Strikes out swinging
Bottom of the 1st over - 0 runs, 1 hit, 0 errors, 0 left on base; Batavia 0 - Hillsboro 0
TOP OF THE 2ND
Batavia Muckdogs batting - Pitching for Hillsboro Hops : RHP Jordan Rondon
Batting: SHB Greg Rivera 0-0: Ball
1-0: Ball
2-0: Ball
3-0: Called Strike
3-1: Base on Balls
Batting: RHB George Boivin 0-0: Ball
1-0: Ball
2-0: Ball
3-0: Base on Balls
Greg Rivera to second
Batting: RHB Andy Kelly 0-0: Foul Ball, location: 2F
0-1: Fly out, F9 (Flyball, 9D, EV 83.1 MPH)
Runner from 2nd tags up, SAFE at 3rd with throw by RF
Batting: RHB Hiromitsu Yamada 0-0: Ball
1-0: Called Strike
1-1: Ground out 4-3 (Groundball, 4S, EV 71.2 MPH)
Greg Rivera scores
George Boivin to second
Batting: RHB Jeremy Dennis 0-0: Ball
Passed Ball!
George Boivin to third
1-0: Ball
2-0: Ball
3-0: Base on Balls
Batting: SHB Justin Corbett 0-0: Called Strike
0-1: Ball
1-1: Swinging Strike
1-2: Ground out U3 (Groundball, 3L, EV 111.2 MPH)
Top of the 2nd over - 1 run, 0 hits, 0 errors, 2 left on base; Batavia 1 - Hillsboro 0
BOTTOM OF THE 2ND
Hillsboro Hops batting - Pitching for Batavia Muckdogs : RHP Carlos Guerrero
Batting: LHB Franklin Quezada 0-0: Ball
1-0: Ground out 6-3 (Groundball, 6M, EV 110.0 MPH)
Batting: RHB Cesar Rendon 0-0: Reached via error on a dropped throw from P, E3 (Groundball, 13S, EV 73.8 MPH)
Batting: RHB Antonio Luisa 0-0: Ball
1-0: Foul Ball, location: 2F
1-1: Ball
2-1: DOUBLE (Line Drive, 89D, EV 105.6 MPH)
Cesar Rendon to third
Runner from 3rd tries for Home, SAFE, no throw by CF
Batting: RHB John Ricketts 0-0: Ball
1-0: Ball
2-0: Called Strike
2-1: Foul Ball, location: 2F
2-2: Strikes out swinging
Batting: RHB Chris McGrath 0-0: Ball
1-0: SINGLE (Groundball, 6M, EV 89.4 MPH) (infield hit)
Antonio Luisa to third
Batting: LHB Josh Kirk 0-0: Swinging Strike
0-1: Called Strike
0-2: Ball
1-2: Ground out 4-3 (Groundball, 34, EV 105.6 MPH)
Bottom of the 2nd over - 1 run, 2 hits, 1 error, 2 left on base; Batavia 1 - Hillsboro 1
TOP OF THE 3RD
Batavia Muckdogs batting - Pitching for Hillsboro Hops : RHP Jordan Rondon
Batting: LHB Danny Treto 0-0: Ball
1-0: Ball
2-0: Foul Ball, location: 2F
2-1: Foul Ball, location: 2F
2-2: Ball
3-2: Fly out, F8 (Flyball, 8LD, EV 89.4 MPH)
Batting: RHB Reomel Somera 0-0: Ball
1-0: Ball
2-0: Ball
3-0: Called Strike
3-1: Base on Balls
Batting: RHB Justin Dunham 0-0: Ball
1-0: Foul Ball, location: 2F
1-1: Ball
2-1: SINGLE (Line Drive, 5D, EV 95.6 MPH)
Reomel Somera to second
Batting: SHB Greg Rivera 0-0: Ball
1-0: Ball
2-0: Ball
3-0: Base on Balls
Reomel Somera to third
Justin Dunham to second
Batting: RHB George Boivin 0-0: Swinging Strike
0-1: Swinging Strike
0-2: Ball
1-2: Ball
2-2: Strikes out swinging
Batting: RHB Andy Kelly 0-0: Ball
1-0: Foul Ball, location: 2F
1-1: Swinging Strike
1-2: Ball
2-2: Ball
3-2: Foul Ball, location: 2F
3-2: Fly out, F7 (Flyball, 7LM, EV 101.2 MPH)
Top of the 3rd over - 0 runs, 1 hit, 0 errors, 3 left on base; Batavia 1 - Hillsboro 1
BOTTOM OF THE 3RD
Hillsboro Hops batting - Pitching for Batavia Muckdogs : RHP Carlos Guerrero
Batting: RHB Jonathan Underhill 0-0: Foul Ball, location: 2F
0-1: Ball
1-1: Ground out 6-3 (Groundball, 6, EV 103.1 MPH)
Batting: RHB Daniel Rivera 0-0: Called Strike
0-1: Ball
1-1: Ball
2-1: Ground out 4-3 (Groundball, 4M, EV 85.0 MPH)
Batting: RHB Terry Jarrells 0-0: Ball
1-0: Ball
2-0: Swinging Strike
2-1: Ball
3-1: Called Strike
3-2: Strikes out swinging
Bottom of the 3rd over - 0 runs, 0 hits, 0 errors, 0 left on base; Batavia 1 - Hillsboro 1
TOP OF THE 4TH
Batavia Muckdogs batting - Pitching for Hillsboro Hops : RHP Jordan Rondon
Batting: RHB Hiromitsu Yamada 0-0: Called Strike
0-1: Ball
1-1: Foul Ball, location: 2F
1-2: Ball
2-2: Foul Ball, location: 2F
2-2: Strikes out swinging
Batting: RHB Jeremy Dennis 0-0: Called Strike
0-1: Ball
1-1: Called Strike
1-2: Strikes out looking
Batting: SHB Justin Corbett 0-0: Ball
1-0: Called Strike
1-1: Ball
2-1: Ball
3-1: Base on Balls
Batting: LHB Danny Treto 0-0: Ball
1-0: Ball
2-0: Called Strike
2-1: Ball
3-1: Base on Balls
Justin Corbett to second
Batting: RHB Reomel Somera 0-0: Hit by Pitch
Justin Corbett to third
Danny Treto to second
Batting: RHB Justin Dunham 0-0: Ball
1-0: SINGLE (Groundball, 56D, EV 93.8 MPH)
Justin Corbett scores
Danny Treto to third
Reomel Somera to second
Runner from 3rd tries for Home, SAFE, throw by LF to home
Batting: SHB Greg Rivera 0-0: Called Strike
0-1: Called Strike
0-2: TRIPLE (Line Drive, 9LD, EV 98.8 MPH)
Reomel Somera scores
Justin Dunham scores
Batting: RHB George Boivin 0-0: Ball
1-0: Foul Ball, location: 2F
1-1: Foul Ball, location: 2F
1-2: Ball
2-2: Foul Ball, location: 2F
2-2: Ground out 6-3 (Groundball, 56, EV 102.5 MPH)
Top of the 4th over - 4 runs, 2 hits, 0 errors, 1 left on base; Batavia 5 - Hillsboro 1
BOTTOM OF THE 4TH
Hillsboro Hops batting - Pitching for Batavia Muckdogs : RHP Carlos Guerrero
Batting: LHB Franklin Quezada 0-0: Ball
1-0: Called Strike
1-1: Ground out 6-3 (Groundball, 56, EV 102.5 MPH)
Batting: RHB Cesar Rendon 0-0: Ground out 4-3 (Groundball, 4M, EV 91.9 MPH)
Batting: RHB Antonio Luisa 0-0: Called Strike
0-1: Ground out 6-3 (Groundball, 6, EV 85.0 MPH)
Bottom of the 4th over - 0 runs, 0 hits, 0 errors, 0 left on base; Batavia 5 - Hillsboro 1
TOP OF THE 5TH
Batavia Muckdogs batting - Pitching for Hillsboro Hops : RHP Jordan Rondon
Batting: RHB Andy Kelly 0-0: Ball
1-0: Ball
2-0: SINGLE (Groundball, 6D, EV 95.6 MPH)
Batting: RHB Hiromitsu Yamada 0-0: Ball
1-0: Called Strike
Andy Kelly steals 2nd base
1-1: Ball
2-1: Called Strike
2-2: Strikes out looking
Pitching: RHP Jake Priest
Batting: RHB Jeremy Dennis 0-0: Ball
1-0: Ground out 4-3 (Groundball, 4, EV 89.4 MPH)
Andy Kelly to third
Batting: SHB Justin Corbett 0-0: Ball
1-0: Ground out 4-3 (Groundball, 4, EV 96.2 MPH)
Top of the 5th over - 0 runs, 1 hit, 0 errors, 1 left on base; Batavia 5 - Hillsboro 1
BOTTOM OF THE 5TH
Hillsboro Hops batting - Pitching for Batavia Muckdogs : RHP Carlos Guerrero
Batting: RHB John Ricketts 0-0: Ball
1-0: Called Strike
1-1: Foul Ball, location: 2F
1-2: Strikes out looking
Batting: RHB Chris McGrath 0-0: Ball
1-0: Called Strike
1-1: Foul Ball, location: 2F
1-2: SINGLE (Groundball, 56D, EV 110.0 MPH)
Batting: LHB Josh Kirk 0-0: Called Strike
Chris McGrath is caught stealing 2nd base 2-6
0-1: Ground out 5-3 (Groundball, 56, EV 86.9 MPH)
Bottom of the 5th over - 0 runs, 1 hit, 0 errors, 0 left on base; Batavia 5 - Hillsboro 1
TOP OF THE 6TH
Batavia Muckdogs batting - Pitching for Hillsboro Hops : RHP Jake Priest
Batting: LHB Danny Treto 0-0: Ball
1-0: SOLO HOME RUN (Flyball, 9D, EV 100.0 MPH), Distance : 408 ft
Batting: RHB Reomel Somera 0-0: Foul Ball, location: 2F
0-1: Ball
1-1: Ground out 4-3 (Groundball, 4M, EV 82.5 MPH)
Batting: RHB Justin Dunham 0-0: Ground out 6-3 (Groundball, 6, EV 101.9 MPH)
Batting: SHB Greg Rivera 0-0: Foul Ball, location: 2F
0-1: Ball
1-1: Ball
2-1: Ball
3-1: SINGLE (Groundball, 6D, EV 94.4 MPH)
Batting: RHB George Boivin 0-0: Ball
1-0: Called Strike
Greg Rivera steals 2nd base
1-1: Foul Ball, location: 2F
1-2: SINGLE (Flyball, 34D, EV 92.5 MPH)
Greg Rivera to third
Runner from 3rd tries for Home, SAFE, throw by RF to home
Batting: RHB Andy Kelly 0-0: Foul Ball, location: 2F
0-1: Foul Ball, location: 2F
0-2: Ball
1-2: Strikes out swinging
Top of the 6th over - 2 runs, 3 hits, 0 errors, 1 left on base; Batavia 7 - Hillsboro 1
BOTTOM OF THE 6TH
Hillsboro Hops batting - Pitching for Batavia Muckdogs : RHP Carlos Guerrero
Batting: RHB Jonathan Underhill 0-0: Ball
1-0: Ball
2-0: Foul Ball, location: 2F
2-1: Ball
3-1: Foul Ball, location: 2F
3-2: SINGLE (Groundball, 6S, EV 67.5 MPH) (infield hit)
Batting: RHB Daniel Rivera 0-0: Ball
1-0: Swinging Strike
1-1: Ball
2-1: Ball
3-1: Foul Ball, location: 2F
3-2: Base on Balls
Jonathan Underhill to second
Batting: RHB Terry Jarrells 0-0: Called Strike
Jonathan Underhill is caught stealing 3rd base 2-5
0-1: Ball
1-1: Ball
2-1: Called Strike
2-2: Strikes out swinging
Batting: LHB Franklin Quezada Balk!
Daniel Rivera to second
0-0: Fly out, F7 (Flyball, 7LS, EV 90.0 MPH)
Bottom of the 6th over - 0 runs, 1 hit, 0 errors, 1 left on base; Batavia 7 - Hillsboro 1
TOP OF THE 7TH
Batavia Muckdogs batting - Pitching for Hillsboro Hops : RHP Jake Priest
Batting: RHB Hiromitsu Yamada 0-0: Called Strike
0-1: Foul Ball, location: 2F
0-2: Strikes out swinging
Batting: RHB Jeremy Dennis 0-0: Called Strike
0-1: Called Strike
0-2: Ball
1-2: Ball
2-2: Strikes out swinging
Batting: SHB Justin Corbett 0-0: Called Strike
0-1: Ground out 4-3 (Groundball, 34, EV 103.1 MPH)
Top of the 7th over - 0 runs, 0 hits, 0 errors, 0 left on base; Batavia 7 - Hillsboro 1
BOTTOM OF THE 7TH
Hillsboro Hops batting - Pitching for Batavia Muckdogs : RHP Carlos Guerrero
Batting: RHB Cesar Rendon 0-0: Hit by Pitch
Batting: RHB Antonio Luisa 0-0: Ball
1-0: Ball
2-0: Called Strike
2-1: Ball
3-1: SINGLE (Groundball, 6MD, EV 103.1 MPH)
Cesar Rendon to second
Batting: RHB John Ricketts 0-0: Called Strike
0-1: Ball
1-1: Ball
2-1: SINGLE (Groundball, 4S, EV 61.2 MPH) (infield hit)
Cesar Rendon to third
Antonio Luisa to second
Pitching: LHP Brian Worthy
Batting: RHB Chris McGrath 0-0: Ball
1-0: Swinging Strike
1-1: Ball
2-1: Fielders Choice at 2nd, 6-4 (Groundball, 6, EV 83.1 MPH)
Cesar Rendon scores
Antonio Luisa to third
Pinch Hitting: RHB Danny Loyola 0-0: Swinging Strike
0-1: Ball
1-1: Ball
2-1: Ball
Chris McGrath steals 2nd base
3-1: Ground out U3 (Groundball, 34, EV 85.6 MPH)
Antonio Luisa scores
Chris McGrath to third
Batting: RHB Jonathan Underhill 0-0: Ball
1-0: Swinging Strike
1-1: Foul Ball, location: 2F
1-2: Strikes out swinging
Bottom of the 7th over - 2 runs, 2 hits, 0 errors, 1 left on base; Batavia 7 - Hillsboro 3
TOP OF THE 8TH
Batavia Muckdogs batting - Pitching for Hillsboro Hops : RHP Jake Priest
Now at 2B: Danny Loyola
Now at SS: Jonathan Underhill
Batting: LHB Danny Treto 0-0: Called Strike
0-1: Foul Ball, location: 2F
0-2: Strikes out looking
Batting: RHB Reomel Somera 0-0: Ball
1-0: Ball
2-0: Ball
3-0: Base on Balls
Pitching: RHP Dan Thompson
Batting: RHB Justin Dunham 0-0: Ball
1-0: Ball
Reomel Somera is caught stealing 2nd base 2-4
2-0: Ball
3-0: Called Strike
3-1: SOLO HOME RUN (Line Drive, 7D, EV 103.1 MPH), Distance : 425 ft
Batting: SHB Greg Rivera 0-0: Called Strike
0-1: Ball
1-1: Called Strike
1-2: Ball
2-2: Foul Ball, location: 2F
2-2: Ball
3-2: Base on Balls
Batting: RHB George Boivin 0-0: Called Strike
0-1: Foul Ball, location: 2F
0-2: Ball
1-2: Fielders Choice at 2nd, 6-4 (Groundball, 6, EV 83.8 MPH)
Top of the 8th over - 1 run, 1 hit, 0 errors, 1 left on base; Batavia 8 - Hillsboro 3
BOTTOM OF THE 8TH
Hillsboro Hops batting - Pitching for Batavia Muckdogs : LHP Brian Worthy
Batting: RHB Daniel Rivera 0-0: Ball
1-0: Called Strike
1-1: Ball
2-1: Called Strike
2-2: Foul Ball, location: 2F
2-2: Ball
3-2: Foul Ball, location: 2F
3-2: Base on Balls
Batting: RHB Terry Jarrells 0-0: Ball
1-0: Called Strike
1-1: SINGLE (Line Drive, 7LS, EV 105.6 MPH)
Daniel Rivera to second
Pinch Hitting: RHB Alejandro Hernandez 0-0: Ball
1-0: Foul Ball, location: 2F
1-1: Ball
2-1: Ball
3-1: Base on Balls
Daniel Rivera to third
Terry Jarrells to second
Batting: RHB Cesar Rendon 0-0: DOUBLE (Line Drive, 9LM, EV 104.4 MPH)
Daniel Rivera scores
Terry Jarrells scores
Alejandro Hernandez to third
Batting: RHB Antonio Luisa 0-0: Fly out, F4 (Flyball, 34D, EV 92.5 MPH)
Batting: RHB John Ricketts 0-0: Ball
1-0: SINGLE (Line Drive, 34D, EV 107.5 MPH)
Alejandro Hernandez scores
Cesar Rendon to third
Runner from 3rd tries for Home, throw by RF and OUT! 9-2
John Ricketts to second
Pitching: LHP Will Sledge
Batting: RHB Chris McGrath 0-0: Foul Ball, location: 2F
0-1: Ball
1-1: Swinging Strike
1-2: Hit by Pitch
Batting: RHB Danny Loyola 0-0: Ball
1-0: Called Strike
1-1: Ground out U3 (Groundball, 3S, EV 84.4 MPH)
Bottom of the 8th over - 3 runs, 3 hits, 0 errors, 2 left on base; Batavia 8 - Hillsboro 6
TOP OF THE 9TH
Batavia Muckdogs batting - Pitching for Hillsboro Hops : RHP Dan Thompson
Now in RF: Yutaka Oki
Batting: RHB Andy Kelly 0-0: Called Strike
0-1: Swinging Strike
0-2: Ball
1-2: Strikes out looking
Batting: RHB Hiromitsu Yamada 0-0: Ball
1-0: DOUBLE (Flyball, 78D, EV 109.4 MPH)
Batting: RHB Jeremy Dennis 0-0: Ground out 6-3 (Groundball, 6D, EV 89.4 MPH)
Batting: SHB Justin Corbett 0-0: Foul Ball, location: 2F
0-1: Ball
1-1: Called Strike
1-2: Ball
2-2: Foul Ball, location: 2F
2-2: Ball
3-2: Foul Ball, location: 2F
3-2: Fly out, F6 (Line Drive, 6, EV 70.0 MPH)
Top of the 9th over - 0 runs, 1 hit, 0 errors, 1 left on base; Batavia 8 - Hillsboro 6
BOTTOM OF THE 9TH
Hillsboro Hops batting - Pitching for Batavia Muckdogs : LHP Will Sledge
Pitching: RHP Glen Patterson
Now in LF: Hiromitsu Yamada
Now in CF: Calvin Morin
Batting: RHB Jonathan Underhill 0-0: Called Strike
0-1: Called Strike
0-2: Foul Ball, location: 2F
0-2: Ball
1-2: Foul Ball, location: 2F
1-2: Foul Ball, location: 2F
1-2: Fly out, F9 (Flyball, 9, EV 98.1 MPH)
Pinch Hitting: LHB Josh Thomas 0-0: Called Strike
0-1: Swinging Strike
0-2: Ball
1-2: Strikes out looking
Batting: RHB Terry Jarrells 0-0: Ground out 4-3 (Groundball, 4, EV 88.1 MPH)
Bottom of the 9th over - 0 runs, 0 hits, 0 errors, 0 left on base; Batavia 8 - Hillsboro 6
Tuesday, March 28th , 2023 - OOTP Baseball 23.10 Build 110